 Dungeon Crawl Stone Soup version 0.26.1-11-gd32895ea62 (webtiles) character file.

Game seed: 14260760361279968712

8045 dtburroughs the Fighter (level 11, -3/99 HPs)
             Began as a Minotaur Berserker on July 15, 2021.
             Was an Elder of Trog.
             Slain by a skeletal warrior
             ... wielding a +0 halberd
              (14 damage)
             ... on level 11 of the Dungeon.
             The game lasted 00:19:01 (8595 turns).

dtburroughs the Fighter (Minotaur Berserker)        Turns: 8595, Time: 00:19:01

Health: -3/99      AC: 15    Str: 22    XL:     11   Next: 4%
Magic:  10/10      EV: 11    Int:  7    God:    Trog [****..]
Gold:   549        SH:  0    Dex: 10    Spells: 10/10 levels left

rFire    . . .     SeeInvis +   P - +4 war axe (freeze)
rCold    + . .     Faith    .   (no shield)
rNeg     . . .     Spirit   .   g - +0 chain mail
rPois    .         Reflect  .   i - +0 hat
rElec    .         Harm     .   (no cloak)
rCorr    .         Rampage  .   z - +0 pair of gloves
Will     ++...                  D - +1 pair of boots
Stlth    ..........             t - amulet of regeneration
HPRegen  1.66/turn              j - ring of protection from cold
MPRegen  0.12/turn              N - ring of see invisible

@: regenerating
A: retaliatory headbutt, horns 2
a: Renounce Religion, Berserk, Trog's Hand, Brothers in Arms


You were on level 11 of the Dungeon.
You worshipped Trog.
Trog was greatly pleased with you.
You visited 1 branch of the dungeon, and saw 10 of its levels.

You collected 549 gold pieces.

Inventory:

Hand Weapons
 y - a +0 morningstar
 B - a +0 war axe
 J - a +0 battleaxe
 M - a +1 war axe of freezing
 P - a +4 war axe of freezing (weapon)
Armour
 g - a +0 chain mail (worn)
 i - a +0 hat (worn)
 z - a +0 pair of gloves (worn)
 D - a +1 pair of boots (worn)
 I - +0 acid dragon scales
 K - a +1 scale mail of cold resistance
 O - a +0 plate armour
Jewellery
 a - an uncursed ring of stealth
 j - a ring of protection from cold (left hand)
 o - an uncursed ring of fire
 t - an amulet of regeneration (around neck)
 N - a ring of see invisible (right hand)
Wands
 w - a wand of flame (13)
 Q - a wand of enslavement (8)
Scrolls
 b - 3 scrolls of fear
 d - 5 scrolls of remove curse
 f - a scroll of magic mapping {unknown}
 h - 2 scrolls of amnesia {unknown}
 m - 2 scrolls of enchant weapon {unknown}
 p - a scroll of noise {unknown}
 q - 4 scrolls of teleportation
 u - 3 scrolls of identify
 C - 2 scrolls of enchant armour {unknown}
 G - a scroll of blinking {unknown}
 H - a scroll of vulnerability {unknown}
 L - a scroll of random uselessness {unknown}
Potions
 c - 3 potions of ambrosia
 e - 3 potions of heal wounds {unknown}
 k - 3 potions of brilliance {unknown}
 l - a potion of attraction {unknown}
 n - a potion of cancellation {unknown}
 r - 2 potions of curing
 s - 2 potions of invisibility
 v - a potion of might {unknown}
 x - 2 potions of lignification {unknown}
 A - 2 potions of degeneration {unknown}
 E - 2 potions of haste
 F - a potion of mutation {unknown}


   Skills:
 + Level 10.0 Fighting
 + Level 10.0 Axes
 + Level 9.6 Armour
 + Level 8.8 Dodging
 + Level 6.5 Evocations


You had 10 spell levels left.
You didn't know any spells.
Your spell library was empty.

Dungeon Overview and Level Annotations

Branches:
Dungeon (11/15)            Temple (0/1) D:4            Lair (0/6) D:10
    Orc (0/2) D:10

Altars:
Ashenzari
Cheibriados
Fedhas
Gozag
Hepliaklqana
Nemelex Xobeh
Okawaru
Ru
Uskayaw
Wu Jian
Zin
Beogh
Jiyva

Annotations:
D:5 3 runed translucent doors, nothank2's ghost, novice FoFi


Innate Abilities, Weirdness & Mutations

You reflexively headbutt those who attack you in melee.
You have a pair of horns on your head.


Message History

The skeletal warrior is lightly damaged.
You closely miss the skeletal warrior.
The skeletal warrior hits you with a +0 halberd.
The skeletal warrior barely misses you.
You hit the skeletal warrior but do no damage.
The skeletal warrior is lightly damaged.
You hit the skeletal warrior.
The skeletal warrior hits you with a +0 halberd!!
* * * LOW HITPOINT WARNING * * *
You feel better.
The skeletal warrior closely misses you.
You furiously retaliate!
You headbutt the skeletal warrior, but do no damage.
The skeletal warrior barely misses you. You furiously retaliate!
You headbutt the skeletal warrior, but do no damage.
You fail to use your ability.
The skeletal warrior hits you with a +0 war axe!
* * * LOW HITPOINT WARNING * * *
The skeletal warrior hits you with a +0 halberd!
You die...

#.# ^.. #.# ...
#.# ... #.# #.#
#.# #.# #.# #.#
#######.###z#
#.........z@#
##.####.#####.#
#..<....#
###.##### #.#
..# ###


You could see 2 skeletal warriors.

Vanquished Creatures
  Harold (D:6)
  2 two-headed ogres
  Pikel (D:7)
  Maggie (D:7)
  2 wargs (D:10)
  A water moccasin (D:8)
  3 ice beasts
  8 orc warriors (D:10)
  A black bear (D:6)
  2 sky beasts (D:6)
  3 phantoms
  3 ogres
  6 centaurs
  3 big kobolds
  6 bullfrogs
  A wyvern zombie (D:8)
  3 scorpions
  3 killer bees (D:7)
  9 wights
  A howler monkey (D:6)
  2 electric eels (D:10)
  A bullfrog zombie (D:7)
  A centaur zombie (D:5)
  2 jellies (D:6)
  4 orc priests
  A hound (D:6)
  13 orc wizards
  A bullfrog skeleton (D:5)
  A centaur skeleton (D:7)
  2 iguanas
  10 worker ants
  A hound zombie (D:7)
  9 adders
  4 gnolls (D:2)
  3 white imps
  3 ufetubi
  3 oozes
  An adder skeleton (D:4)
  2 worms
  3 leopard geckos
  44 orcs
  5 giant cockroaches
  13 goblins
  8 hobgoblins
  15 jackals
  19 kobolds
  7 quokkas
  4 ball pythons
  5 bats
  6 frilled lizards
  A jackal skeleton (D:4)
  A leopard gecko zombie (D:6)
  4 rats
259 creatures vanquished.

Vanquished Creatures (collateral kills)
  A sky beast (D:7)
  3 lemures (D:7)
  A howler monkey (D:7)
  A worker ant (D:7)
  A kobold (D:7)
7 creatures vanquished.

Vanquished Creatures (others)
  A plant (D:10)
1 creature vanquished.

Grand Total: 267 creatures vanquished

Notes
Turn   | Place    | Note
-------+----------+-------------------------------------------
     0 | D:1      | dtburroughs the Minotaur Berserker began the quest for the
                  | Orb.
     0 | D:1      | Reached XP level 1. HP: 19/19 MP: 0/0
   222 | D:1      | Reached XP level 2. HP: 27/27 MP: 1/1
   748 | D:2      | Reached XP level 3. HP: 33/33 MP: 2/2
   757 | D:2      | Reached ** piety under Trog
   833 | D:2      | You fall into a shaft and drop 1 floor!
  1010 | D:2      | Reached XP level 4. HP: 30/41 MP: 3/3
  1139 | D:2      | Found a hide-covered altar of Uskayaw.
  1507 | D:3      | Reached XP level 5. HP: 47/47 MP: 4/4
  1915 | D:3      | Reached *** piety under Trog
  2141 | D:4      | Reached skill level 5 in Axes
  2151 | D:4      | Reached skill level 5 in Fighting
  2236 | D:4      | Reached XP level 6. HP: 52/56 MP: 5/5
  2493 | D:4      | Reached skill level 1 in Evocations
  2647 | D:4      | Reached XP level 7. HP: 44/62 MP: 6/6
  2935 | D:4      | Found a staircase to the Ecumenical Temple.
  2943 | D:4      | Reached skill level 5 in Armour
  3185 | D:5      | Entered Level 5 of the Dungeon
  3231 | D:5      | Found an ornate altar of the Wu Jian Council.
  3327 | D:5      | Found a sparkling altar of Nemelex Xobeh.
  3672 | D:5      | Found an iron altar of Okawaru.
  3787 | D:5      | Found a broken altar of Ashenzari.
  3813 | D:5      | Found a runed translucent gate.
  3823 | D:5      | Identified the cursed +0 battleaxe of Powerful Offence
                  | {vorpal, rPois rN+++ MP+9 Str-3}
  3824 | D:5      | Identified the +5 hand axe of Brawling {drain, rPois Str-4
                  | Stlth+}
  3824 | D:5      | Noticed nothank2's ghost (novice FoFi)
  3825 | D:5      | Found a runed translucent gate.
  3825 | D:5      | Found a runed translucent gate.
  3826 | D:5      | Found a roughly hewn altar of Beogh.
  3860 | D:5      | Reached skill level 5 in Dodging
  4408 | D:6      | Reached XP level 8. HP: 64/71 MP: 7/7
  4434 | D:6      | Found a snail-covered altar of Cheibriados.
  4764 | D:6      | Reached **** piety under Trog
  5344 | D:7      | Noticed Pikel
  5346 | D:7      | Noticed Harold
  5357 | D:6      | Reached XP level 9. HP: 36/79 MP: 8/8
  5487 | D:7      | Noticed Maggie
  5508 | D:7      | Killed Maggie
  5600 | D:7      | Killed Pikel
  5635 | D:6      | Killed Harold
  5636 | D:6      | Reached skill level 5 in Evocations
  6089 | D:7      | Reached XP level 10. HP: 90/90 MP: 9/9
  6094 | D:7      | Found a hazy altar of Hepliaklqana.
  6222 | D:7      | Found a sacrificial altar of Ru.
  6263 | D:7      | Found a glowing silver altar of Zin.
  6264 | D:7      | Found an opulent altar of Gozag.
  6500 | D:8      | Noticed a two-headed ogre
  6512 | D:8      | Killed a two-headed ogre
  6580 | D:8      | Found a viscous altar of Jiyva.
  6634 | D:8      | Found a blossoming altar of Fedhas.
  6891 | D:8      | You fall into a shaft and drop 2 floors!
  6891 | D:10     | Entered Level 10 of the Dungeon
  7208 | D:10     | Found a staircase to the Lair.
  7643 | D:10     | Found a staircase to the Orcish Mines.
  7917 | D:10     | Found an opulent altar of Gozag.
  8517 | D:10     | Noticed a two-headed ogre
  8524 | D:10     | Killed a two-headed ogre
  8525 | D:10     | Reached skill level 10 in Fighting
  8525 | D:10     | Reached skill level 10 in Axes
  8525 | D:10     | Reached XP level 11. HP: 82/99 MP: 10/10
  8574 | D:11     | Noticed a skeletal warrior
  8574 | D:11     | Noticed a skeletal warrior
  8595 | D:11     | Slain by a skeletal warrior

Illustrated notes

Levels and vault maps discovered:
D:1:      dpeg_arrival_leaves_temple_mockup, layout_rooms
D:2:      layout_rooms, eat_drink_and_be_merry_uskayaw,
          kennysheep_generic_room_5
D:3:      layout_loops_ring
D:4:      layout_basic, temple_doors_e, skrybe_limestone_x
D:5:      layout_loops_corners, kennysheep_little_box, old_standard_altar,
          nzn_wu_jian_contemplation, biasface_ghost_orc_armoury,
          nicolae_ashenzari_panopticon
D:6:      minmay_thinvault, layout_cave_pods, cheibrodos_worm_habitat,
          nicolae_sextant
D:7:      layout_gridville, grunt_temple_overflow_gold_and_silver,
          nzn_hepliaklqana_mist_gate, glass_columns_a, nicolae_ru_path_of_blood,
          uniq_harold, uniq_pikel, uniq_maggie
D:8:      gammafunk_jiyva_shrine, layout_basic, amethyst_overflow_temple_binary,
          basic_altar
D:10:     layout_layer_cave, erik_lair_orcish_takeover, erik_orc_2,
          grunt_gozag_breadcrumbs
D:11:     layout_basic, minmay_misc_feat_rugged

Skill      XL: |  1  2  3  4  5  6  7  8  9 10 |
---------------+-------------------------------+-----
Fighting       | 4 5 6 7 8 10 | 10.0
Axes           | 4 5 6 7 8 10 | 10.0
Armour         | 3 4 5 6 8 9 |  9.6
Dodging        | 3 4 5 6 7 8 |  8.8
Evocations     | 1 2 3 5 6 |  6.5

Action                   |  1- 3 |  4- 6 |  7- 9 | 10-12 || total
-------------------------+-------+-------+-------+-------++-------
Melee: Hand axe          |    76 |   163 |       |       ||   239
       Headbutt          |    14 |    36 |    39 |    42 ||   131
       War axe           |       |    24 |   204 |   123 ||   351
       Battleaxe         |       |       |    32 |   101 ||   133
Invok: Trog's Hand       |       |     3 |     4 |    10 ||    17
       Berserk           |       |       |     2 |       ||     2
       Brothers in Arms  |       |       |     1 |       ||     1
Evoke: Wand              |       |       |     3 |       ||     3
  Use: Scroll            |       |       |       |     4 ||     4
       Potion            |       |       |       |     3 ||     3
Armor: Animal skin       |     3 |       |       |       ||     3
       Chain mail        |    30 |   120 |   160 |    92 ||   402
Dodge: Dodged            |    39 |    98 |   150 |   135 ||   422
